 Dungeon Crawl Stone Soup version 0.28.0-53-g5a82cb258f (webtiles) character file.

Game seed: 17061062328187377330

416 safid the Cleaver (level 6, -6/52 HPs)
             Began as a Hill Orc Fighter on July 10, 2022.
             Mangled by a scorpion (8 damage)
             ... on level 5 of the Dungeon.
             The game lasted 00:06:57 (3784 turns).

safid the Cleaver (Hill Orc Fighter)                Turns: 3784, Time: 00:06:58

Health: -6/52      AC: 12    Str: 27    XL:     6   Next: 92%
Magic:  6/6        EV:  9    Int:  8    God:
Gold:   202        SH:  4    Dex: 10    Spells: 5/5 levels left

rFire   + . .      SeeInvis +   a - +0 war axe
rCold   + . .      Faith    .   c - +0 buckler
rNeg    + . .      Spirit   .   b - +0 scale mail
rPois   +          Reflect  .   s - +2 helmet {SInv}
rElec   +          Harm     .   i - +0 cloak
rCorr   +          Rampage  .   (no gloves)
Will    .....                   g - +0 pair of boots
Stlth   ..........              (no amulet)
HPRegen 0.17/turn               l - ring of positive energy
MPRegen 0.10/turn               y - +6 ring of strength

@: about to teleport, resistant
A: no striking features
a: no special abilities


You were on level 5 of the Dungeon.
You visited 1 branch of the dungeon, and saw 5 of its levels.

You collected 202 gold pieces.

Inventory:

Hand Weapons
 a - a +0 war axe (weapon)
Missiles
 k - 5 poisoned darts (quivered)
Armour
 b - a +0 scale mail (worn)
 c - a +0 buckler (worn)
 g - a +0 pair of boots (worn)
 i - a +0 cloak (worn)
 s - a +2 helmet of see invisible (worn)
Jewellery
 l - a ring of positive energy (left hand)
 y - a +6 ring of strength (right hand)
Wands
 x - a wand of flame (16)
Scrolls
 e - 3 scrolls of teleportation
 f - 2 scrolls of enchant armour {unknown}
 h - 7 scrolls of identify {unknown}
 m - a scroll of silence {unknown}
 n - 2 scrolls of immolation {unknown}
 q - a scroll of amnesia {unknown}
 t - a scroll of magic mapping {unknown}
 u - a scroll of blinking {unknown}
 v - a scroll of enchant weapon {unknown}
Potions
 d - 2 potions of might
 j - a potion of heal wounds {unknown}
 o - a potion of invisibility {unknown}
 r - a potion of lignification {unknown}
 w - a potion of attraction {unknown}


   Skills:
 - Level 4.0 Fighting
 + Level 8.4 Axes
 - Level 4.0 Armour
 - Level 4.0 Shields


You had 5 spell levels left.
You didn't know any spells.
Your spell library contained the following spells:

 Spells                   Type           Power      Damage    Failure   Level
 Beastly Appendage        Tmut           0%         N/A       77%         1
 Sandblast                Erth           0%         2d4       77%         1
 Slow                     Hex            0%         N/A       77%         1
 Summon Small Mammal      Summ           0%         N/A       77%         1
 Wereblood                Tmut           0%         N/A       88%         2
 Confusing Touch          Hex            0%         N/A       98%         3
 Spider Form              Tmut/Pois      0%         N/A       98%         3
 Vampiric Draining        Necr           0%         2d6       98%         3


Dungeon Overview and Level Annotations

Branches:
Dungeon (5/15)
 Temple: D:4-7

Altars:
Ashenzari
Dithmenos
Kikubaaqudgha


Message History

You hit the centaur skeleton.
You feel sick. You block the bullfrog zombie's attack.
The centaur skeleton closely misses you. x2
The bullfrog zombie closely misses you. The centaur skeleton hits you.
You block the centaur skeleton's attack.
You are too injured to fight recklessly!
Unknown command.
You feel sick.
You are no longer poisoned.
The bullfrog zombie hits you but does no damage.
You see here an adder corpse.
Unknown command.
A scorpion and a water moccasin come into view.
The scorpion closely misses you. The scorpion stings you.
You are poisoned.
The scorpion poisons you!
You feel very sick.
You feel sick.
You feel sick.
You feel sick. The scorpion closely misses you.
You feel sick. The scorpion barely misses you. The water moccasin bites you.
* * * LOW HITPOINT WARNING * * *
There is a stone staircase leading up, spattered with blood here.
You feel sick.
You feel sick. The scorpion stings you.
* * * LOW HITPOINT WARNING * * *
You block the water moccasin's attack.
The sentinel's mark upon you fades away.
* * * LOW HITPOINT WARNING * * *
You feel sick.
You are no longer poisoned.
The scorpion closely misses you.
As you read the scroll labelled XIROCE XUAH, it crumbles to dust.
You feel strangely unstable.
It was a scroll of teleportation.
You block the scorpion's attack.
The scorpion stings you but does no damage.
It was a potion of resistance.
You feel protected. The scorpion stings you!
You die...

##### #.@.#
#s### #S#
#s# #Z###
#...### #
###sZ.###.#
#.......#
#....##.#


You could see a water moccasin, 2 scorpions and a bullfrog zombie.

Vanquished Creatures
  An ogre (D:4)
  A hound (D:4)
  2 jellies (D:2)
  A bullfrog skeleton (D:3)
  An iguana (D:4)
  An orc wizard (D:5)
  A hound zombie (D:5)
  A howler monkey skeleton (D:4)
  8 adders
  An adder skeleton (D:4)
  A worm (D:3)
  2 dart slugs
  3 orcs
  A ball python (D:1)
  A bat (D:2)
  6 endoplasms
  3 giant cockroaches
  6 goblins
  7 hobgoblins
  3 quokkas
  4 frilled lizards
  6 kobolds
  4 rats
65 creatures vanquished.

Notes
Turn   | Place    | Note
-------+----------+-------------------------------------------
     0 | D:1      | safid the Hill Orc Fighter began the quest for the Orb.
     0 | D:1      | Reached XP level 1. HP: 19/19 MP: 1/1
   181 | D:1      | Reached skill level 3 in Axes
   181 | D:1      | Reached XP level 2. HP: 27/27 MP: 2/2
   656 | D:1      | Found a faded altar of an unknown god.
  1092 | D:2      | Reached XP level 3. HP: 33/33 MP: 3/3
  1152 | D:2      | Reached XP level 4. HP: 34/40 MP: 4/4
  1207 | D:2      | Reached skill level 4 in Axes
  1928 | D:3      | Reached skill level 5 in Axes
  1929 | D:3      | Reached XP level 5. HP: 46/46 MP: 5/5
  2011 | D:3      | Found a broken altar of Ashenzari.
  2119 | D:3      | Found a shadowy altar of Dithmenos.
  2511 | D:3      | Reached skill level 6 in Axes
  2661 | D:3      | Got Gureahos's Witchcraft, Part One
  3030 | D:4      | Reached XP level 6. HP: 42/52 MP: 6/6
  3149 | D:4      | Reached skill level 7 in Axes
  3210 | D:4      | Found an ancient bone altar of Kikubaaqudgha.
  3395 | D:4      | Reached skill level 8 in Axes
  3747 | D:5      | Entered Level 5 of the Dungeon
  3770 | D:5      | Noticed a water moccasin
  3777 | D:5      | HP: 2/52 [scorpion (6)]
  3784 | D:5      | Mangled by a scorpion

Illustrated notes

Levels and vault maps discovered:
D:1:      dpeg_arrival_stonehenge_8_columns, layout_loops_ring,
          dreamdust_ecumenical_altar_angels_and_demons, hex_large,
          moated_statue, serial_bayou_pond_c, nrook_mini_backslash,
          minmay_hexomino_f4
D:2:      minmay_inner_zag, layout_loops_ring, chequers_serial_rivers_micro_e
D:3:      layout_loops_ring, amcnicky_altar_gilded,
          ashenzari_conservatory_becter
D:4:      layout_basic, kiku_gazebo_garden_becter
D:5:      layout_loops_cross, mainiacjoe_overflow_alcove_4,
          lemuel_blue_sif_altar, fedhas_ov_isle_minmay,
          mainiacjoe_overflow_concentric_impassable,
          minmay_temple_entry_overgrown, ebering_ghost_sewer_f, serial_shops,
          shop, glass_columns_a, uniq_prince_ribbit1

Skill      XL: |  1  2  3  4  5  6 |
---------------+-------------------+-----
Axes           | 3 5 6 8 |  8.4
Fighting       | 4 |  4.0
Armour         | 4 |  4.0
Shields        | 4 |  4.0

Action                   |  1- 3 |  4- 6 || total
-------------------------+-------+-------++-------
Melee: War axe           |    62 |   131 ||   193
Throw: Dart              |     2 |     6 ||     8
  Use: Scroll            |       |     1 ||     1
       Potion            |       |     1 ||     1
Armor: Scale mail        |    32 |    69 ||   101
Dodge: Dodged            |    26 |    70 ||    96
Block: Buckler           |    14 |    23 ||    37
